 Dungeon Crawl Stone Soup version 0.19-a0-998-gfd37873 (webtiles) character file.

568 Implojin the Ruffian (level 7, 0/66 HPs)
             Began as a Troll Fighter on July 17, 2016.
             Slain by a sky beast (5 damage)
             ... on level 7 of the Dungeon.
             The game lasted 00:03:16 (627 turns).

Implojin the Ruffian (Troll Fighter)                 Turns: 627, Time: 00:03:17

Health: 0/66       AC:  5    Str: 24 (25) XL:     7   Next: 11%
Magic:  6/6        EV:  8    Int:  3 (4)  God:
Gold:   8          SH:  8    Dex:  9 (11) Spells: 0 memorised, 6 levels left

rFire  . . .     SeeInvis .       - Unarmed
rCold  . . .     Gourm    +     a - +0 robe
rNeg   . . .     Faith    .     b - +0 shield
rPois  .         Spirit   .     (helmet restricted)
rElec  .         Dismiss  .     (no cloak)
rCorr  .         Reflect  .     (gloves unavailable)
SustAt .         Harm     .     (boots unavailable)
MR     .....                    (no amulet)
Stlth  +.........               (no ring)
                                (no ring)

@: not resistant to hostile enchantments, very unstealthy
A: unfitting armour, claws 3, fast metabolism 3, gourmand, regeneration 2,
shaggy fur 1, tough skin 2
a: no special abilities


You were on level 7 of the Dungeon.
You were full.

You visited 1 branch of the dungeon, and saw 7 of its levels.

You collected 8 gold pieces.

Inventory:

Armour
 a - a +0 robe (worn)
 b - a +0 shield (worn)
Scrolls
 c - a scroll of enchant weapon {unknown}
 e - a scroll of blinking {unknown}
 g - a scroll of immolation {unknown}
 i - a scroll of recharging {unknown}
Comestibles
 d - 4 bread rations


   Skills:
 - Level 2.4 Fighting
 - Level 2.4 Dodging
 - Level 2.4 Shields
 * Level 7.9 Unarmed Combat


You had 6 spell levels left.
You didn't know any spells.

Dungeon Overview and Level Annotations

Branches:
Dungeon (7/15)
 Temple: D:4-7

Altars:


Innate Abilities, Weirdness & Mutations

You are too large for most types of armour.
You have claws for hands.
Your metabolism is lightning-fast.
You like to eat raw meat.
You heal very quickly.
You are covered in fur. (AC +1)
You have very tough skin. (AC +2)


Message History

Something shocks you.
* * * LOW HITPOINT WARNING * * *
Unknown command.
You scratch something. You closely miss something.
Something hits you but does no damage.
Unknown command.
Okay, then.
You closely miss something. Something hits you.
* * * LOW HITPOINT WARNING * * *
Something shocks you.
* * * LOW HITPOINT WARNING * * *
Something hits you but does no damage.
It was a potion of cure mutation.
It has a very clean taste.
Something hits you.
* * * LOW HITPOINT WARNING * * *
Something shocks you.
* * * LOW HITPOINT WARNING * * *
It was a potion of degeneration.
There was something very wrong with that liquid.
You feel weakened.
You feel dopey.
You feel clumsy.
A sky beast appears from thin air!
Reactivating autopickup.
The sky beast barely misses you.
You closely miss the sky beast.
The sky beast is lightly wounded.
You barely miss the sky beast.
The sky beast is lightly wounded.
The sky beast hits you but does no damage.
You barely miss the sky beast.
The sky beast is lightly wounded.
You block the sky beast's attack.
You miss the sky beast.
The sky beast is lightly wounded.
The sky beast barely misses you.
You scratch the sky beast.
The sky beast is lightly wounded.
The sky beast hits you.
* * * LOW HITPOINT WARNING * * *
The sky beast shocks you.
You die...

.## ..# ...#
..... #...#
#######..#
##Y...)..#
####
#@####.###
#... ### #..#
##... ##.##
#.... #..#
##.... #<.#
#.....
##.####.....
#...........
#...#..###....
#.####..#
##...


You could see a sky beast.

Vanquished Creatures
  Grinder (D:3)
  A necrophage (D:6)
  A giant frog (D:6)
  2 scorpions
  A crimson imp (D:6)
  A jelly (D:6)
  A worker ant (D:6)
  A hound skeleton (D:6)
  An ooze (D:3)
  An adder zombie (D:5)
  A giant gecko (D:3)
  An orc (D:6)
  A giant cockroach (D:5)
  3 goblins
  3 hobgoblins
  5 jackals
  2 giant newts
  3 kobolds
  A quokka skeleton (D:6)
  A rat (D:2)
32 creatures vanquished.

Notes
Turn   | Place    | Note
-------+----------+-------------------------------------------
     0 | D:1      | Implojin the Troll Fighter began the quest for the Orb.
     0 | D:1      | Reached XP level 1. HP: 22/22 MP: 0/0
    83 | D:1      | Reached XP level 2. HP: 27/29 MP: 1/1
   210 | D:3      | Reached skill level 3 in Unarmed Combat
   317 | D:3      | Noticed Grinder
   336 | D:3      | Killed Grinder
   336 | D:3      | Reached skill level 5 in Unarmed Combat
   336 | D:3      | Reached XP level 3. HP: 8/36 MP: 2/2
   336 | D:3      | Reached XP level 4. HP: 10/44 MP: 3/3
   336 | D:3      | Reached XP level 5. HP: 12/50 MP: 4/4
   375 | D:5      | Entered Level 5 of the Dungeon
   433 | D:5      | Reached skill level 6 in Unarmed Combat
   437 | D:5      | Reached XP level 6. HP: 59/59 MP: 5/5
   474 | D:6      | Reached skill level 7 in Unarmed Combat
   524 | D:7      | Noticed a sky beast
   559 | D:6      | Noticed an orc warrior
   559 | D:6      | Reached XP level 7. HP: 47/66 MP: 6/6
   621 | D:7      | HP: 3/66 [something (5)]
   627 | D:7      | Slain by a sky beast

Vault maps used:
D:1:      shiori_arrival_elements, minmay_unequal
D:2:      ecumenical_altar_1, feat_on_display
D:3:      first_bread, uniq_grinder, uniq_robin
D:5:      kennysheep_windowed_halls, lightli_sewer_entry_pipes, uniq_menkaure
D:6:      tso_metal_star, uniq_sigmund

Skill      XL: |  1  2  3  4  5  6 |
---------------+-------------------+-----
Unarmed Combat | 5 6 7 |  7.9
Fighting       | |  2.4
Dodging        | |  2.4
Shields        | |  2.4

Action                   |  1- 3 |  4- 6 |  7- 9 || total
-------------------------+-------+-------+-------++-------
Melee: Unarmed           |    61 |    41 |    19 ||   121
  Use: Potion            |     1 |       |     2 ||     3
  Eat: Chunk             |     3 |     4 |       ||     7
Armor: Robe              |    13 |     6 |     5 ||    24
Dodge: Dodged            |    19 |    10 |     2 ||    31
Block: Shield            |    25 |    11 |     2 ||    38

Table legend:
 A = Turns spent in this place as a percentage of turns spent in the entire game.
 B = Non-inter-level travel turns spent in this place as a percentage of non-inter-level travel turns spent in the entire game.
 C = Inter-level travel turns spent in this place as a percentage of turns spent in this place.
 D = Turns resting spent in this place as a percentage of non-inter-level travel turns spent in this place.
 E = Turns spent auto-exploring this place as a percentage of non-inter-level travel turns spent in this place.
 F = Non-inter-level travel turns spent in this place divided by the number of levels of this place that you've seen.
                   A       B       C       D       E      F
               +-------+-------+-------+-------+-------+----------------------
         Total | 100.0 | 100.0 |   0.0 |   0.0 |   0.0 |  88.0
       Dungeon | 100.0 | 100.0 |   0.0 |   0.0 |   0.0 |  88.0
               +-------+-------+-------+-------+-------+----------------------

Table legend:
 A = Kills in this place as a percentage of kills in entire the game.
 B = Kills by you in this place as a percentage of kills by you in the entire game.
 C = Kills by friends in this place as a percentage of kills by friends in the entire game.
 D = Other kills in this place as a percentage of other kills in the entire game.
 E = Experience gained in this place as a percentage of experience gained in the entire game.
 F = Experience gained in this place divided by the number of levels of this place that you have seen.
                   A       B       C       D       E      F
               +-------+-------+-------+-------+-------+----------------------
         Total | 100.0 | 100.0 |  -nan |  -nan | 100.0 | 116.0
       Dungeon | 100.0 | 100.0 |  -nan |  -nan | 100.0 | 116.0
               +-------+-------+-------+-------+-------+----------------------
